 Dungeon Crawl Stone Soup version 0.17.1-3-g152610e (webtiles) character file.

70 Keyn the Skirmisher (level 4, 0/37 HPs)
             Began as a Demonspawn Abyssal Knight on Apr 22, 2016.
             Was a Believer of Lugonu.
             Slain by a gnoll
             ... wielding a +0 halberd
              (5 damage)
             ... on level 3 of the Dungeon.
             The game lasted 00:11:51 (1715 turns).

Keyn the Skirmisher (Demonspawn Abyssal Knight)     Turns: 1715, Time: 00:11:51

Health: 0/37       AC:  4    Str: 13    XL:     4   Next: 3%
Magic:  6/6        EV: 11    Int: 14    God:    Lugonu [**....]
Gold:   89         SH:  0    Dex: 12    Spells: 0 memorised, 3 levels left

rFire  . . .     SeeInvis .     a - +1 falchion
rCold  . . .     Clarity  .     b - +0 leather armour
rNeg   . . .     SustAt   .     (no shield)
rPois  .         Gourm    .     (helmet restricted)
rElec  .         Spirit   .     (no cloak)
rCorr  .         Warding  .     (no gloves)
rMut   .         Stasis   .     (no boots)
MR     .....                    e - amulet of faith
Stlth  +.........               (no ring)
                                (no ring)

@: not resistant to hostile enchantments, very unstealthy
A: horns 1, demonic guardian 1, shaggy fur 1
a: Depart the Abyss, Bend Space, Renounce Religion


You were on level 3 of the Dungeon.
You worshipped Lugonu.
Lugonu was pleased with you.
You were very full.

You visited 1 branch of the dungeon, and saw 3 of its levels.
You visited the Abyss 1 time.

You collected 89 gold pieces.

Inventory:

Hand Weapons
 a - a +1 falchion (weapon)
 h - a +0 club
Armour
 b - a +0 leather armour (worn)
 g - a +0 helmet
 k - a +0 scale mail
 l - a +0 ring mail
 o - a cursed +0 chain mail
Jewellery
 e - an amulet of faith (around neck)
Potions
 m - a potion of poison
 n - a potion of might
Comestibles
 c - 3 bread rations
 d - a beef jerky
 f - a meat ration


   Skills:
 + Level 3.8 Fighting
 + Level 2.1 Long Blades
 + Level 2.2 Armour
 + Level 1.4 Dodging
 + Level 0.2 Stealth
 + Level 3.2 Invocations


You had 3 spell levels left.
You didn't know any spells.

Dungeon Overview and Level Annotations

Branches:
Dungeon (3/15)

Altars:
Okawaru


Innate Abilities, Weirdness & Mutations

You have a pair of small horns on your head.
A weak demonic guardian rushes to your aid.
You are covered in fur (AC +1).


Message History

The kobold shouts!
Your crimson imp closely misses the gnoll.
The gnoll hits your crimson imp with a halberd.
Your crimson imp hits the gnoll.
The gnoll barely misses your crimson imp.
Your crimson imp barely misses the gnoll.
The gnoll barely misses your crimson imp.
Your crimson imp hits the gnoll.
Your crimson imp barely misses the gnoll.
The gnoll completely misses your crimson imp.
The kobold barely misses you.
Your crimson imp blinks!
You barely miss the kobold. Your headbutt misses the kobold.
Your crimson imp disappears in a puff of smoke!
The kobold hits you.
* * * LOW HITPOINT WARNING * * *
You barely miss the kobold. Your headbutt misses the kobold.
The kobold barely misses you.
The gnoll hits you from afar with a halberd.
You die...

♣......# ## ♣......
..... ♣.....## .P....
##♣ ♣......#
......###.♣ ♣......#
P........♣.♣...5..#
♣P.......#...K...#
PPP......####@..#####
P.......oggg.........
.###....############
#.<..# #....# ......#
...#..### ..###.... #
.....


You could see 3 gnolls, an orc, a kobold and a friendly ufetubus.

Vanquished Creatures
  2 gnolls
  3 giant geckos
  3 bats
  2 giant cockroaches (D:2)
  6 hobgoblins
  A quokka (D:2)
  2 ball pythons (D:1)
  14 goblins
  3 kobolds
  4 rats
40 creatures vanquished.

Vanquished Creatures (collateral kills)
  Robin (D:2)
  3 goblins (D:2)
4 creatures vanquished.

Grand Total: 44 creatures vanquished

Notes
Turn   | Place    | Note
--------------------------------------------------------------
     0 | Abyss:1  | Keyn the Demonspawn Abyssal Knight began the quest for the Orb.
     0 | Abyss:1  | Reached XP level 1. HP: 18/18 MP: 2/2
     0 | D:1      | Escaped the Abyss
     0 | D:1      | Noticed a shadow dragon
     0 | D:1      | Noticed a shadow dragon
     2 | D:1      | Noticed a shadow dragon
     5 | D:1      | Noticed an ice dragon
     5 | D:1      | Noticed a tentacled monstrosity
     7 | D:1      | Noticed a shadow dragon
     9 | D:1      | Noticed a shadow dragon
    12 | D:1      | Noticed a shadow dragon
    14 | D:1      | Noticed a large abomination
    16 | D:1      | Noticed a large abomination
    16 | D:1      | Noticed a black draconian
    16 | D:1      | Noticed a shadow dragon
    18 | D:1      | Noticed an iron dragon
    18 | D:1      | Noticed a tentacled monstrosity
    20 | D:1      | Noticed a tentacled monstrosity
   225 | D:1      | Gained mutation: A weak demonic guardian rushes to your aid. [demonic ancestry]
   225 | D:1      | Reached XP level 2. HP: 12/24 MP: 4/4
   292 | D:1      | Reached * piety under Lugonu
   624 | D:1      | Gained mutation: You are covered in fur (AC +1). [potion of beneficial mutation]
   726 | D:2      | Noticed Robin
   735 | D:2      | Reached XP level 3. HP: 24/29 MP: 5/5
   751 | D:2      | Reached skill level 1 in Dodging
   754 | D:2      | HP: 1/29 [goblin/dagger[Robin] (4)]
   761 | D:2      | Killed Robin
  1132 | D:2      | Reached ** piety under Lugonu
  1300 | D:2      | Found an iron altar of Okawaru.
  1701 | D:3      | Gained mutation: You have a pair of small horns on your head. [demonic ancestry]
  1701 | D:3      | Reached XP level 4. HP: 24/37 MP: 6/6
  1715 | D:3      | Slain by a gnoll

Action                   |  1- 3 |  4- 6 || total
-------------------------+-------+-------++-------
Melee: Falchion          |   107 |     4 ||   111
Invok: Depart the Abyss  |     1 |       ||     1
  Use: Scroll            |     7 |       ||     7
       Potion            |     4 |       ||     4
 Stab: Sleeping          |     1 |       ||     1
  Eat: Pizza             |     3 |       ||     3
       Meat ration       |     1 |       ||     1
